 Dungeon Crawl Stone Soup version 0.18-a0-1485-g189885c (webtiles) character file.

6003 Tomstefer the Carver (level 10, -4/91 HPs)
             Began as a Minotaur Berserker on Mar 3, 2016.
             Was a Priest of Trog.
             Slain by a komodo dragon (27 damage)
             ... on level 10 of the Dungeon.
             The game lasted 00:12:48 (7122 turns).

Tomstefer the Carver (Minotaur Berserker)           Turns: 7122, Time: 00:12:48

Health: -4/91      AC: 13    Str: 22    XL:     10   Next: 55%
Magic:  9/9        EV:  9    Int:  4    God:    Trog [***...]
Gold:   518        SH:  0    Dex: 13    Spells: 0 memorised, 9 levels left

rFire  + . .     SeeInvis .     a - +1 falchion
rCold  . . .     Gourm    .     w - +0 chain mail
rNeg   . . .     Faith    .     (no shield)
rPois  .         Spirit   .     (helmet restricted)
rElec  .         Dismiss  .     (no cloak)
rCorr  +         Reflect  .     y - +1 pair of gloves
SustAt .         Harm     .     (no boots)
MR     .....                    n - amulet of Xom's Absentmindedness {rF+ Regen+}
Stlth  ..........               (no ring)
                                z - ring of resist corrosion

@: not resistant to hostile enchantments, extremely unstealthy
A: retaliatory headbutt, horns 2
a: Berserk, Trog's Hand, Burn Spellbooks, Renounce Religion


You were on level 10 of the Dungeon.
You worshipped Trog.
Trog was most pleased with you.
You were very hungry.

You visited 1 branch of the dungeon, and saw 10 of its levels.

You collected 518 gold pieces.

Inventory:

Hand Weapons
 a - a +1 falchion (weapon)
Armour
 w - a +0 chain mail (worn)
 y - a +1 pair of gloves (worn)
Rods
 j - a +1 iron rod (13/13)
   (You found it on level 2 of the Dungeon)
 C - a +0 iron rod (13/13)
   (You found it on level 4 of the Dungeon)
 D - a +0 iron rod (14/14)
   (You found it on level 4 of the Dungeon)
Jewellery
 n - the amulet of Xom's Absentmindedness (around neck) {rF+ Regen+}
   (You found it on level 6 of the Dungeon)

   [amulet of regeneration]

   It protects you from fire.
   It increases your rate of regeneration.
 z - a ring of resist corrosion (left hand)
Wands
 d - a wand of lightning (9/15)
 k - a wand of random effects (19/48)
 x - a wand of random effects (20/48)
 G - a wand of flame (3/48)
 L - a wand of polymorph (10/24)
Scrolls
 l - 2 scrolls of fear
 s - a scroll of amnesia {unknown}
 u - a scroll of blinking
 A - 3 scrolls of enchant weapon
 E - 3 scrolls of recharging {unknown}
 F - a scroll of noise
 H - a scroll of brand weapon {unknown}
 I - 2 scrolls of vulnerability {unknown}
 K - a scroll of teleportation
Potions
 b - a potion of lignification {unknown}
 e - 2 potions of curing
 f - 2 potions of flight {unknown}
 g - 2 potions of heal wounds
 m - a potion of might
 o - a potion of berserk rage
 r - 2 potions of degeneration {unknown}
 t - a potion of cancellation {unknown}
 v - a potion of resistance {unknown}
 B - 2 potions of mutation {unknown}
 J - a potion of invisibility {unknown}
Comestibles
 c - 14 bread rations
 h - 3 fruits
 i - 7 beef jerkies
 p - 3 royal jellies
 q - 2 meat rations


   Skills:
 + Level 9.4 Fighting
 * Level 14.5 Long Blades
 + Level 8.6 Armour
 - Level 2.1 Dodging


You had 9 spell levels left.
You didn't know any spells.

Dungeon Overview and Level Annotations

Branches:
Dungeon (10/15)            Temple (0/1) D:7            Lair (0/8) D:10
    Orc: D:9-12

Altars:
Ashenzari
Dithmenos
Kikubaaqudgha
Okawaru
Qazlal
Ru
Yredelemnul
Zin
The Shining One

Shops:
D:4 !

Annotations:
D:5 1 runed door


Innate Abilities, Weirdness & Mutations

You reflexively headbutt those who attack you in melee.
You have a pair of horns on your head.


Message History

The komodo dragon bites you!
You barely miss the komodo dragon. Your headbutt misses the komodo dragon.
The komodo dragon is severely wounded.
The komodo dragon bites you.
You hit the komodo dragon. You headbutt the komodo dragon.
The komodo dragon is severely wounded.
You hit the komodo dragon. Your headbutt misses the komodo dragon.
The komodo dragon is severely wounded.
The komodo dragon closely misses you.
You hit the komodo dragon but do no damage.
Your headbutt misses the komodo dragon.
The komodo dragon is severely wounded.
You slash the komodo dragon!
The komodo dragon is almost dead.
The komodo dragon bites you!!
* * * LOW HITPOINT WARNING * * *
You hit the komodo dragon but do no damage.
The komodo dragon is almost dead.
The komodo dragon bites you!!
You die...

#.#######.#
#.#######.#
#.........#
+.........#
#.........##
#.####.....###
##..%P..P..##
#......P.PPP#
......PPP@lPPP#
......PPP...PP#


...PPPPPP.>.PP# !.#PPPPPP...PP# ..##PPPPPPPPP## ########### You could see a
komodo dragon.

Vanquished Creatures
  A centaur warrior (D:10)
  A hill giant (D:6)
  Pikel (D:6)
  Joseph (D:7)
  The ghost of SlimeFever the Slasher, a novice DsBe of Trog (D:6)
  Psyche (D:8)
  The ghost of Tomstefer the Chopper, an amateur HuBe of Trog (D:4)
  A spriggan (D:9)
  A hippogriff (D:7)
  2 hungry ghosts (D:9)
  A water moccasin (D:9)
  4 ice beasts
  2 slaves (D:6)
  An ogre (D:8)
  3 phantoms (D:9)
  A centaur (D:8)
  The ghost of uiiiytp the Shooter, an amateur HEAM (D:3)
  A big kobold (D:9)
  A giant frog (D:8)
  A water moccasin zombie (D:7)
  A scorpion (D:8)
  4 killer bees
  A howler monkey (D:4)
  A crimson imp (D:9)
  2 giant frog zombies
  A jelly (D:7)
  A centaur skeleton (D:7)
  4 orc priests
  2 hounds
  3 giant frog skeletons
  3 iguanas
  Ijyb (D:2)
  8 orc wizards
  13 worker ants
  2 hound zombies
  A hound skeleton (D:5)
  11 adders
  A howler monkey skeleton (D:10)
  2 adder zombies
  A worm (D:4)
  4 dart slugs
  7 giant geckos
  19 orcs
  10 bats
  8 giant cockroaches
  A hobgoblin (D:1)
  13 jackals
  13 kobolds
  3 quokkas
  6 giant newts
  7 goblins
  7 rats
  A plant (D:10)
189 creatures vanquished.

Vanquished Creatures (others)
  A sky beast (D:5)
  An iguana (D:6)
  A jackal (D:6)
  2 plants (D:10)
5 creatures vanquished.

Grand Total: 194 creatures vanquished

Notes
Turn   | Place    | Note
--------------------------------------------------------------
     0 | D:1      | Tomstefer the Minotaur Berserker began the quest for the Orb.
     0 | D:1      | Reached XP level 1. HP: 19/19 MP: 0/0
    97 | D:1      | Reached skill level 4 in Long Blades
   174 | D:1      | Reached XP level 2. HP: 16/26 MP: 1/1
   698 | D:2      | Reached skill level 5 in Long Blades
   771 | D:2      | Noticed Ijyb
   779 | D:2      | Killed Ijyb
   779 | D:2      | Reached XP level 3. HP: 26/31 MP: 2/2
   821 | D:2      | Reached ** piety under Trog
   869 | D:2      | Reached skill level 6 in Long Blades
   869 | D:2      | Reached XP level 4. HP: 25/39 MP: 3/3
  1184 | D:2      | Found a sacrificial altar of Ru.
  1185 | D:2      | Found a stormy altar of Qazlal.
  1331 | D:2      | Found a glowing silver altar of Zin.
  1542 | D:3      | Noticed uiiiytp's ghost (amateur HEAM)
  1550 | D:3      | Killed uiiiytp's ghost
  1550 | D:3      | Reached skill level 7 in Long Blades
  1550 | D:3      | Reached XP level 5. HP: 45/45 MP: 4/4
  2160 | D:4      | Noticed Tomstefer's ghost (amateur HuBe)
  2175 | D:4      | Killed Tomstefer's ghost
  2175 | D:4      | Reached skill level 9 in Long Blades
  2175 | D:4      | Reached XP level 6. HP: 39/51 MP: 5/5
  2308 | D:4      | Found Yfitaonk's Distillery.
  2460 | D:4      | Found a shadowy altar of Dithmenos.
  2485 | D:4      | Reached *** piety under Trog
  2522 | D:4      | Reached XP level 7. HP: 57/57 MP: 6/6
  3100 | D:4      | Reached skill level 10 in Long Blades
  3151 | D:5      | Entered Level 5 of the Dungeon
  3294 | D:5      | Found a runed door.
  3297 | D:5      | Found a runed door.
  3561 | D:5      | Reached XP level 8. HP: 67/67 MP: 7/7
  3563 | D:5      | Found a basalt altar of Yredelemnul.
  3580 | D:5      | HP: 2/67 [orc wizard/magic dart (6)]
  3588 | D:5      | Reached skill level 5 in Fighting
  3805 | D:5      | Reached **** piety under Trog
  4035 | D:6      | Noticed SlimeFever's ghost (novice DsBe)
  4043 | D:6      | Killed SlimeFever's ghost
  4043 | D:6      | Reached skill level 11 in Long Blades
  4101 | D:6      | Noticed a hill giant
  4108 | D:6      | Killed a hill giant
  4108 | D:6      | Reached skill level 12 in Long Blades
  4108 | D:6      | Reached skill level 5 in Armour
  4108 | D:6      | Reached XP level 9. HP: 78/78 MP: 8/8
  4146 | D:6      | Noticed Pikel
  4190 | D:6      | Killed Pikel
  4302 | D:6      | Got a slimy graven amulet
  4423 | D:6      | Found a glowing golden altar of the Shining One.
  4771 | D:7      | Found a staircase to the Ecumenical Temple.
  5009 | D:7      | Noticed Joseph
  5022 | D:7      | Killed Joseph
  5022 | D:7      | Reached skill level 13 in Long Blades
  5375 | D:7      | Found a shattered altar of Ashenzari.
  5376 | D:7      | Found an iron altar of Okawaru.
  5607 | D:8      | Identified the amulet of Xom's Absentmindedness {rF+ Regen+} (You found it on level 6 of the Dungeon)
  5776 | D:8      | Noticed Psyche
  5794 | D:8      | Killed Psyche
  5900 | D:8      | Reached XP level 10. HP: 74/90 MP: 9/9
  6548 | D:9      | Reached skill level 14 in Long Blades
  6679 | D:9      | Found a shadowy altar of Dithmenos.
  6842 | D:9      | Found an ancient bone altar of Kikubaaqudgha.
  7011 | D:10     | Entered Level 10 of the Dungeon
  7086 | D:10     | Found a staircase to the Lair.
  7087 | D:10     | Noticed a centaur warrior
  7109 | D:10     | Killed a centaur warrior
  7122 | D:10     | Slain by a komodo dragon

Vault maps used:
D:1:      dpeg_arrival_snail
D:2:      gammafunk_temple_overflow_statue, zin_statuary, first_bread, uniq_iyjb
D:3:      nrook_loot_triangle
D:4:      old_standard_altar, serial_shops, shop
D:5:      lemuel_insect_pit, basic_altar
D:6:      kennysheep_mini, uniq_pikel
D:7:      gammafunk_temple_overflow_pools, minmay_temple_entry_purple_smoke,
          uniq_joseph
D:8:      uniq_psyche
D:9:      overflow_temple_1_default, the_bakery, nicolae_dithmenos_shadow_blocks
D:10:     david_lair_shrubbed, hiddenorc2_lemuel, lemuel_blue_sif_altar

Skill      XL: |  1  2  3  4  5  6  7  8  9 10 |
---------------+-------------------------------+-----
Long Blades    | 4 5 6 7 9 10 12 13 14 | 14.5
Fighting       | 4 6 8 9 |  9.4
Armour         | 3 5 7 8 |  8.6
Dodging        | |  2.1

Action                   |  1- 3 |  4- 6 |  7- 9 | 10-12 || total
-------------------------+-------+-------+-------+-------++-------
Melee: Falchion          |    51 |    97 |   331 |   176 ||   655
Invok: Berserk           |       |     3 |     6 |       ||     9
       Burn Spellbooks   |       |       |       |     1 ||     1
  Use: Scroll            |       |     7 |     7 |       ||    14
       Potion            |       |       |     2 |       ||     2
  Eat: Chunk             |       |     7 |    14 |     2 ||    23
       Bread ration      |       |       |     1 |     2 ||     3
